Map: Ever Dream LE

Players

INnoVation - Winner!

  • Race: Terran Terran
  • Spawn Location: 1:00

Scarlett

  • Race: Zerg Zerg
  • Spawn Location: 7:00

Event: DreamHack SC2 Masters 2020 Fall

VOD

Have the link to the VOD?

Description

Time

  • Played on: Sept. 18, 2020, 1:40 p.m.
  • Length: 12:23

All games in this series

Show
View Real Time Build Order
Export as new Build Order

INnoVation Terran - Winner!

Build Orders: Hellion Opening, Reaper Expand 

Get SALT Encoding   

  12  0:00  SCV  
  13  0:12  SCV  
  14  0:17  Supply Depot  
  14  0:24  SCV  
  15  0:38  SCV  
  15  0:39  Barracks  
  16  0:43  Refinery  
  16  0:50  SCV  
  17  1:02  SCV  
  18  1:15  SCV  
  19  1:27  Orbital Command, Reaper  
  20  1:39  Command Center  
  20  1:49  Supply Depot  
  20  1:52  SCV  
  21  1:59  Marine  
  22  2:05  SCV  
  23  2:12  Factory  
  23  2:17  SCV, Marine  
  25  2:29  SCV  
  26  2:35  Barracks Reactor  
  26  2:41  SCV  
  26  2:42  Command Center  
  27  2:50  Orbital Command  
  27  2:53  SCV  
  28  3:00  Starport  
  28  3:04  Refinery  
  28  3:06  SCV  
  29  3:15  Hellion  
  29  3:16  Hellion  
  29  3:18  SCV  
  29  3:19  SCV  
  35  3:30  SCV  
  35  3:31  SCV  
  37  3:36  Hellion  
  37  3:37  Hellion  
  37  3:39  Starport Tech Lab  
  41  3:42  SCV  
  41  3:44  SCV  
  43  3:54  Orbital Command  
  43  3:55  SCV  
  44  3:56  SCV  
  44  3:58  Raven, Hellion x2  
  50  4:05  Supply Depot  
  50  4:07  SCV  
  50  4:08  SCV  
  52  4:17  Barracks Tech Lab  
  52  4:19  Hellion  
  52  4:20  Hellion, SCV x2  
  58  4:25  SCV  
  58  4:29  Supply Depot  
  59  4:32  SCV x2  
  59  4:35  Stimpack  
  59  4:36  Refinery, Marine  
  62  4:39  SCV  
  62  4:44  SCV x2  
  65  4:47  Starport Reactor  
  65  4:48  Barracks  
  65  4:51  Barracks, Factory Reactor  
  65  4:52  Supply Depot  
  65  4:55  Engineering Bay  
  65  4:57  Engineering Bay, SCV x3  
  68  5:00  Marine  
  68  5:02  Refinery  
  68  5:05  Supply Depot  
  69  5:08  Orbital Command  
  69  5:09  SCV x2  
  71  5:18  Marine  
  72  5:21  SCV x2  
  72  5:27  Terran Infantry Armor Level 1, Terran Infantry Weapons Level 1  
  72  5:32  Barracks x2  
  72  5:33  SCV x2  
  72  5:34  SCV  
  75  5:36  Marine x3  
  75  5:41  Medivac x2  
  82  5:44  Factory Reactor  
  82  5:45  SCV, Supply Depot  
  82  5:46  Marine x2  
  82  5:48  SCV  
  82  5:49  SCV  
  87  5:51  Supply Depot  
  87  5:53  Marine  
  87  5:54  Marine x2  
  90  5:57  SCV  
  90  6:01  Supply Depot  
  90  6:02  SCV x2  
  93  6:04  Supply Depot  
  93  6:07  Marine x2  
  93  6:09  SCV  
  96  6:11  Marine  
  96  6:13  Medivac x2  
  96  6:15  SCV x2  
  103  6:20  Marine, Barracks Reactor  
  103  6:21  Barracks Reactor  
  103  6:22  SCV, Marine  
  103  6:25  Armory, Marine x2  
  108  6:28  SCV x2  
  108  6:30  Refinery x2  
  108  6:32  Supply Depot  
  110  6:33  Combat Shield  
  110  6:34  SCV  
  110  6:36  Factory, Marine  
  110  6:38  Marine  
  113  6:41  SCV x2  
  113  6:42  Missile Turret  
  113  6:46  SCV, Supply Depot  
  116  6:56  Widow Mine x2  
  116  6:58  Command Center  
  116  7:00  SCV  
  116  7:01  SCV x2  
  116  7:10  Marine x9  
  116  7:14  Missile Turret  
  125  7:16  Missile Turret  
  125  7:20  Supply Depot  
  125  7:23  Drilling Claws  
  125  7:26  Terran Infantry Weapons Level 2, Terran Infantry Armor Level 2  
  125  7:27  Marine  
  125  7:28  Marine  
  127  7:31  Widow Mine x2  
  127  7:32  Widow Mine  
  127  7:34  Medivac x2  
  137  7:37  Marine  
  137  7:38  Marine x3  
  137  7:41  Marine  
  137  7:42  Supply Depot x2  
  142  7:56  Barracks  
  142  7:57  Barracks  
  142  7:59  Widow Mine x2  
  142  8:01  Barracks  
  142  8:04  Thor  
  152  8:06  Supply Depot  
  152  8:08  Medivac  
  152  8:09  Medivac  
  156  8:15  Terran Vehicle And Ship Armor Level 1  
  156  8:17  Marauder, Marine x8  
  166  8:27  Hellion  
  166  8:30  Missile Turret  
  166  8:31  Widow Mine  
  166  8:32  Widow Mine  
  166  8:33  Sensor Tower  
  170  8:35  Marine x8  
  170  8:39  Marauder  
  170  8:40  Medivac  
  170  8:41  Planetary Fortress  
  182  8:43  Medivac  
  182  8:52  Marine  
  183  8:59  Widow Mine x2  
  183  9:01  Marine  
  183  9:02  Barracks Tech Lab x2  
  188  9:03  Barracks Tech Lab  
  188  9:06  Marine x2  
  188  9:17  Supply Depot x2  
  188  9:18  Marine x2  
  188  9:23  Medivac, Marine x2  
  188  9:33  Marine  
  188  9:35  Marauder, Marine  
  188  9:37  Marine  
  188  9:38  Marine x3  
  188  9:39  Widow Mine x2, Marauder x2  
  188  9:41  Marine  
  188  9:43  Medivac  
  188  9:44  Marauder, Thor  
  190  9:48  Marine  
  190  9:51  Marine  
  192  9:53  Marine  
  192  9:55  Command Center, Marine  
  192  9:56  Marine x3  
  192  9:57  Marauder  
  192  9:58  Marine  
  200  10:04  Marine  
  200  10:05  Marine  
  173  10:09  Marauder x2, Marine  
  173  10:10  Marine  
  173  10:13  Marine  
  173  10:14  Marine x3  
  170  10:15  Medivac x2  
  170  10:16  Marine  
  170  10:18  Marauder, Widow Mine x2  
  178  10:22  Marine  
  178  10:23  Marine  
  178  10:27  Marine  
  181  10:28  Marine  
  181  10:30  Marine x2, Thor  
  181  10:31  Marine x3  
  181  10:32  Marine  
  181  10:34  Marine  
  195  10:39  Marine  
  195  10:40  Marine  
  195  10:41  Marine  
  198  10:44  Widow Mine  
  198  10:45  Marine  
  198  10:48  Medivac x2  
  183  10:51  Marauder x2, Marine x5  
  183  10:52  Marine  
  183  10:57  Marine  
  193  10:58  Marine  
  193  10:59  Widow Mine  
  194  11:05  Widow Mine  
  185  11:13  Marauder x2  
  185  11:15  Marauder, Marine  
  185  11:16  Marauder, Marine  
  185  11:17  Marine x6  
  185  11:18  Medivac  
  199  11:23  Widow Mine  
  199  11:33  Marine  
  199  11:34  Planetary Fortress, Marine x2  
  199  11:38  Thor  
  183  11:44  Medivac  
  183  11:46  Marauder x2, Widow Mine x2, Marine x7  
  190  11:48  Medivac  
  190  11:51  Marine  
  190  11:52  Marauder, Marine  
  191  12:04  Marine x7  
Show
View Real Time Build Order
Export as new Build Order

Scarlett Zerg 

Build Orders: Hatch First, Muta Ling Bane 

Get SALT Encoding   

  12  0:01  Drone  
  13  0:12  Overlord  
  13  0:16  Drone  
  14  0:31  Drone x2  
  16  0:47  Hatchery  
  15  0:50  Drone  
  15  0:54  Drone  
  17  0:57  Drone  
  18  1:09  Extractor  
  17  1:12  Spawning Pool  
  17  1:16  Drone  
  17  1:19  Drone  
  18  1:28  Drone  
  19  1:38  Drone  
  20  1:49  Overlord  
  20  1:59  Queen x2  
  20  2:00  Zergling x4  
  26  2:10  Drone  
  26  2:11  Drone  
  28  2:17  Metabolic Boost  
  28  2:23  Drone x2  
  30  2:35  Drone  
  30  2:36  Hatchery  
  30  2:41  Drone  
  31  2:45  Overlord  
  31  2:48  Drone  
  32  2:53  Drone  
  32  2:54  Drone  
  32  2:56  Queen  
  36  3:05  Drone  
  36  3:06  Drone  
  36  3:07  Drone x2  
  36  3:11  Overlord  
  40  3:15  Queen  
  40  3:18  Drone  
  43  3:23  Drone  
  44  3:31  Drone  
  44  3:34  Queen  
  45  3:40  Drone x4  
  45  3:41  Drone  
  52  3:46  Overlord x2  
  52  3:49  Queen  
  52  3:50  Zergling x2  
  55  4:00  Drone x2, Overlord  
  57  4:08  Drone x4  
  57  4:09  Queen  
  61  4:11  Overlord  
  61  4:14  Overlord  
  63  4:23  Drone x4  
  67  4:24  Queen  
  67  4:26  Zergling x2  
  70  4:33  Evolution Chamber  
  70  4:34  Evolution Chamber, Extractor  
  70  4:37  Drone x3  
  70  4:39  Queen  
  70  4:41  Drone x2  
  70  4:42  Drone  
  75  4:46  Zergling x2  
  75  4:47  Zergling x4  
  75  4:48  Drone x2  
  75  4:49  Drone  
  75  4:51  Drone  
  82  4:54  Drone  
  82  4:58  Lair  
  83  5:03  Zerg Ground Armor Level 1, Zerg Melee Weapons Level 1  
  83  5:09  Extractor x2  
  83  5:10  Zergling x6  
  83  5:11  Drone x3  
  87  5:14  Extractor  
  86  5:27  Drone x4, Overlord x2  
  90  5:30  Overlord  
  90  5:31  Baneling Nest  
  90  5:32  Overlord  
  89  5:36  Drone, Overlord x2  
  89  5:42  Overlord  
  90  5:46  Extractor  
  90  5:47  Drone x4  
  93  5:50  Drone  
  93  5:51  Drone  
  93  5:52  Hatchery  
  93  5:56  Overseer, Spire  
  93  5:57  Drone  
  93  6:00  Drone x3  
  93  6:03  Drone  
  93  6:04  Zergling x4  
  100  6:06  Zergling x4  
  99  6:19  Centrifical Hooks  
  99  6:33  Drone x5  
  99  6:34  Drone x10  
  99  6:38  Baneling x14  
  114  6:49  Zergling x6  
  117  6:57  Zergling x12  
  116  7:09  Mutalisk x6  
  116  7:11  Zerg Flyer Weapons Level 1  
  116  7:13  Extractor  
  116  7:14  Extractor  
  116  7:15  Drone x2  
  126  7:16  Drone  
  126  7:18  Drone x2  
  126  7:19  Drone, Hatchery  
  129  7:27  Zerg Ground Armor Level 2  
  129  7:30  Zerg Melee Weapons Level 2  
  129  7:36  Zergling x12  
  135  7:37  Overlord  
  134  7:51  Mutalisk  
  134  7:52  Mutalisk x2  
  134  7:53  Infestation Pit  
  134  7:54  Zergling x18  
  148  8:02  Mutalisk x2  
  152  8:07  Overlord x4  
  152  8:08  Overlord  
  152  8:13  Hatchery  
  152  8:14  Unknown  
  152  8:17  Pneumatized Carapace  
  152  8:18  Overseer  
  152  8:19  Drone x3, Overseer  
  153  8:21  Drone x7  
  160  8:27  Mutalisk  
  160  8:30  Mutalisk x2  
  160  8:32  Mutalisk  
  160  8:33  Zergling x2  
  169  8:37  Hive  
  169  8:38  Zergling x18  
  178  8:51  Zergling x2  
  178  8:52  Zergling x12  
  178  8:53  Baneling x15, Overseer  
  176  9:07  Zergling x20  
  176  9:08  Zergling x6  
  180  9:11  Drone  
  180  9:14  Baneling x6  
  177  9:27  Zergling x16  
  177  9:28  Zergling x6  
  182  9:33  Zergling x4  
  182  9:34  Zergling x6  
  182  9:36  Hatchery  
  173  9:45  Baneling x4, Zergling x14  
  165  9:46  Baneling x4  
  165  9:51  Adrenal Glands  
  165  9:52  Greater Spire  
  161  9:53  Zergling x8  
  161  9:54  Baneling x12  
  161  9:56  Mutalisk  
  147  10:07  Queen  
  147  10:08  Queen  
  147  10:10  Mutalisk x4  
  147  10:12  Zergling x12  
  162  10:18  Hatchery  
  160  10:23  Baneling x8  
  160  10:35  Mutalisk x4  
  162  10:36  Zergling x2  
  162  10:37  Zergling x12  
  162  10:39  Baneling  
  162  10:40  Baneling x4  
  175  10:48  Hatchery  
  165  10:57  Mutalisk  
  165  10:58  Mutalisk x3  
  165  11:00  Zergling x14  
  175  11:07  Zergling x6  
  178  11:13  Ultralisk Cavern  
  177  11:18  Baneling x2  
  177  11:19  Baneling x9  
  177  11:22  Zergling x2, Baneling x4  
  177  11:23  Zergling x12  
  182  11:31  Hatchery  
  182  11:32  Zergling x14  
  183  11:34  Zergling x4  
  163  11:43  Zergling x6  
  163  11:44  Baneling x6  
  163  11:45  Extractor, Baneling x2  
  160  11:47  Extractor  
  160  11:48  Zergling x10  
  160  11:53  Zergling x4  
  168  11:55  Baneling x7  
  168  11:56  Baneling x3  
  168  11:57  Baneling x7  
  162  12:05  Zergling x14  
  162  12:06  Zergling x2  

Tags
 
Add a new tag
Caveats
  • Supply blocks, unpowered buildings, or Contaminate may cause inaccurate times.
  • Supply counts are checked every 10 seconds.